 Dungeon Sprint DCSS version 0.31-a0-16-g6d2539766c (webtiles) character file.

Game seed: 7412487189703001719

7942 sircluck the Executioner (level 11, -4/117 HPs)
             Began as a Hill Orc Berserker on May 8, 2023.
             Was the Champion of Trog.
             Slain by a catoblepas (6 damage)
             ... while petrified by a catoblepas
             ... in the Dungeon (Sprint IX: "|||||||||||||||||||||||||||||").
             The game lasted 00:03:44 (1405 turns).

sircluck the Executioner (Hill Orc Berserker)       Turns: 1405, Time: 00:03:45

Health: -4/117     AC: 12    Str: 28    XL:     11   Next: 23%
Magic:  11/11      EV:  2    Int:  7    God:    Trog [******]
Gold:   3          SH:  0    Dex: 10    Spells: 10/10 levels left

rFire   . . .        k - +3 war axe (freeze)
rCold   . . .        (no shield)
rNeg    + + +        m - +1 scale mail
rPois   ∞            (no helmet)
rElec   .            (no cloak)
rCorr   .            l - +0 pair of gloves
SInv    .            (no boots)
Will    ++...        (no amulet) Stlth
                     o - +3 ring of strength
HPRegen 1.39/turn    n - +2 ring of evasion
MPRegen 0.12/turn

%: no teleportation
@: petrified, strong-willed, on berserk cooldown, regenerating
A: no striking features
a: Renounce Religion, Berserk, Trog's Hand, Brothers in Arms


You were in the Dungeon.
You worshipped Trog.
Trog was exalted by your worship.
You visited 1 branch You collected 3 gold pieces.

Inventory:

Hand Weapons
 a - a +0 hand axe
 k - a +3 war axe of freezing (weapon)
 t - the +5 broad axe of Hoegat {flame, Will+}
   (Trog gifted it to you in the Dungeon)

   Will:      It increases your willpower.
Armour
 b - a +0 animal skin
 l - a +0 pair of gloves (worn)
 m - a +1 scale mail (worn)
Jewellery
 n - a +2 ring of evasion (right hand)
 o - a +3 ring of strength (left hand)
Wands
 j - a wand of roots (10)
Scrolls
 p - a scroll of blinking
 q - 2 scrolls of enchant armour
 r - 2 scrolls of enchant weapon
 s - a scroll of fear
Potions
 c - 4 potions of curing
 e - 3 potions of haste
 f - 4 potions of magic
 g - a potion of berserk rage
 h - 2 potions of might
 i - a potion of invisibility


   Skills:
 + Level 17.4 Fighting
 + Level 22.0 Axes
 + Level 12.8 Armour
 + Level 8.0 Dodging
 + Level 0.7 Stealth


You had 10 spell levels left.
You didn't know any spells.
Your spell library was empty.

Dungeon Overview and Level Annotations

Branches:
Dungeon (1/1)

Altars:
Cheibriados
Dithmenos
Elyvilon
Fedhas
Gozag
Hepliaklqana
Kikubaaqudgha
Makhleb
Nemelex Xobeh
Okawaru
Qazlal
Ru
Sif Muna
Trog
Uskayaw
Vehumet
Wu Jian
Xom
Yredelemnul
Zin
The Shining One
Beogh
Jiyva
Lugonu


Message History

* * * LOW HITPOINT WARNING * * *
The catoblepas breathes a plume of calcifying dust at you.
The blast of calcifying dust hits you!
* * * LOW HITPOINT WARNING * * *
The catoblepas breathes a plume of calcifying dust at you.
The blast of calcifying dust hits the catoblepas.
The blast of calcifying dust hits you!
* * * LOW HITPOINT WARNING * * *
Your limbs are stiffening.
Unknown command.
You feel better.
You are engulfed in calcifying dust.
Your limbs have turned to stone.
The catoblepas closely misses you.
The yak is engulfed in calcifying dust.
The yak is moving more slowly.
You have turned to stone.
The catoblepas gores you!!
* * * LOW HITPOINT WARNING * * *
The catoblepas gores you.
* * * LOW HITPOINT WARNING * * *
The catoblepas gores you but does no damage.
The catoblepas stomps with a crash on the ground.
The catoblepas gores you but does no damage.
The yak stops moving altogether!
The catoblepas breathes a plume of calcifying dust at you.
The blast of calcifying dust hits you.
* * * LOW HITPOINT WARNING * * *
You are engulfed in calcifying dust.
The catoblepas breathes in.
The catoblepas breathes a plume of calcifying dust at you.
The blast of calcifying dust hits you.
* * * LOW HITPOINT WARNING * * *
You are engulfed in calcifying dust.
The catoblepas breathes a plume of calcifying dust at you.
The blast of calcifying dust hits you.
* * * LOW HITPOINT WARNING * * *
You are engulfed in calcifying dust.
The yak snorts and paws the ground.
The catoblepas gores you!!
* * * LOW HITPOINT WARNING * * *
The catoblepas gores you!
You die...

▓▓▓▓▓▓▓▓▓▓▓▓▓▓▓▓▓▓▓▓▓▓▓▓▓▓▓▓▓▓▓▓▓
...Y.§§§§.YYYYYY@§.§....|.!...!'.
▓▓▓▓▓▓▓▓▓▓▓▓▓▓▓▓▓▓▓▓▓▓▓▓▓▓▓▓▓▓▓▓▓
.................................
▓▓▓▓▓▓▓▓▓▓▓▓▓▓▓▓▓▓▓▓▓▓▓▓▓▓▓▓▓▓▓▓▓
______________________'....†'....
▓▓▓▓▓▓▓▓▓▓▓▓▓▓▓▓▓▓▓▓▓▓▓▓▓▓▓▓▓▓▓▓▓


You could see 3 catoblepae and 3 yaks.

Vanquished Creatures
  2 hydras (D)
  A centaur warrior (D)
  A catoblepas (D)
  A death yak (D)
  A cyclops (D)
  A torpor snail (D)
  A gargoyle (D)
  3 komodo dragons (D)
  2 cane toads (D)
  A troll (D)
  A blink frog (D)
  A shadow (D)
  4 yaks (D)
  A wyvern (D)
  A basilisk (D)
  4 water moccasins (D)
  A black bear (D)
  2 wolves (D)
  A scorpion (D)
  An adder (D)
  2 dart slugs (D)
  2 giant cockroaches (D)
  A jackal (D)
  A frilled lizard (D)
  A kobold (D)
38 creatures vanquished.

Vanquished Creatures (collateral kills)
  An elephant (D)
  A vampire (D)
  A wraith (D)
  A bullfrog (D)
4 creatures vanquished.

Grand Total: 42 creatures vanquished

Notes
Turn   | Place    | Note
-------+----------+-------------------------------------------
     0 | D        | sircluck the Hill Orc Berserker began the quest for the
                  | Orb.
     0 | D        | Reached XP level 1. HP: 19/19 MP: 1/1
     7 | D        | Reached ** piety under Trog
    14 | D        | Reached skill level 5 in Axes
    23 | D        | Noticed a scorpion
    23 | D        | Noticed a black bear
    28 | D        | Reached XP level 2. HP: 28/28 MP: 2/2
    36 | D        | Killed a black bear
    36 | D        | Reached *** piety under Trog
    37 | D        | Reached skill level 8 in Axes
    37 | D        | Reached XP level 3. HP: 21/39 MP: 3/3
    37 | D        | Reached XP level 4. HP: 26/47 MP: 4/4
    42 | D        | Killed a scorpion
    43 | D        | Reached skill level 9 in Axes
    43 | D        | Reached XP level 5. HP: 25/53 MP: 5/5
    48 | D        | Found a roughly hewn altar of Beogh.
    48 | D        | Found a snail-covered altar of Cheibriados.
    48 | D        | Found a shadowy altar of Dithmenos.
    48 | D        | Found a white marble altar of Elyvilon.
    48 | D        | Found a blossoming altar of Fedhas.
    48 | D        | Found an opulent altar of Gozag.
    49 | D        | Found a hazy altar of Hepliaklqana.
    50 | D        | Found a viscous altar of Jiyva.
    51 | D        | Found an ancient bone altar of Kikubaaqudgha.
    52 | D        | Found a corrupted altar of Lugonu.
    53 | D        | Found a burning altar of Makhleb.
    54 | D        | Found a sparkling altar of Nemelex Xobeh.
    55 | D        | Found an iron altar of Okawaru.
    56 | D        | Found a stormy altar of Qazlal.
    57 | D        | Found a sacrificial altar of Ru.
    58 | D        | Found a shimmering blue altar of Sif Muna.
    59 | D        | Found a bloodstained altar of Trog.
    60 | D        | Found a hide-covered altar of Uskayaw.
    61 | D        | Found a radiant altar of Vehumet.
    62 | D        | Found an ornate altar of the Wu Jian Council.
    63 | D        | Found a shimmering altar of Xom.
    64 | D        | Found a basalt altar of Yredelemnul.
    65 | D        | Found a glowing silver altar of Zin.
    66 | D        | Found a glowing golden altar of the Shining One.
   115 | D        | Noticed a wraith
   115 | D        | Noticed a vampire
   115 | D        | Noticed a yak
   115 | D        | Noticed a yak
   115 | D        | Noticed a yak
   115 | D        | Noticed a wyvern
   119 | D        | Killed a wyvern
   119 | D        | Reached **** piety under Trog
   120 | D        | Reached skill level 11 in Axes
   120 | D        | Reached skill level 5 in Armour
   120 | D        | Reached XP level 6. HP: 55/66 MP: 6/6
   123 | D        | Killed a yak
   124 | D        | Reached skill level 10 in Fighting
   124 | D        | Reached skill level 13 in Axes
   124 | D        | Reached XP level 7. HP: 48/73 MP: 7/7
   129 | D        | Killed a yak
   132 | D        | Killed a yak
   133 | D        | Reached skill level 14 in Axes
   133 | D        | Reached skill level 5 in Dodging
   157 | D        | Killed a vampire
   158 | D        | Reached skill level 15 in Axes
   158 | D        | Reached XP level 8. HP: 21/83 MP: 8/8
   158 | D        | Killed a wraith
   361 | D        | Noticed a shadow
   361 | D        | Noticed a troll
   361 | D        | Noticed a gargoyle
   361 | D        | Noticed a cyclops
   361 | D        | Noticed a centaur warrior
   367 | D        | Killed a centaur warrior
   368 | D        | Reached skill level 16 in Axes
   372 | D        | Killed a cyclops
   372 | D        | Reached ***** piety under Trog
   373 | D        | Reached skill level 17 in Axes
   373 | D        | Reached XP level 9. HP: 65/93 MP: 9/9
   377 | D        | Killed a gargoyle
   378 | D        | Reached skill level 18 in Axes
   424 | D        | Killed a troll
   716 | D        | Noticed an elephant
   716 | D        | Noticed a cane toad
   719 | D        | Noticed a four-headed hydra
   722 | D        | Killed a cane toad
   723 | D        | Reached skill level 19 in Axes
   727 | D        | Reached skill level 10 in Armour
   727 | D        | Noticed a komodo dragon
   732 | D        | Reached XP level 10. HP: 43/104 MP: 10/10
   738 | D        | Killed an elephant
   739 | D        | Reached skill level 15 in Fighting
   747 | D        | Killed a nine-headed hydra
   748 | D        | Reached skill level 20 in Axes
  1075 | D        | Noticed a torpor snail
  1075 | D        | Noticed a four-headed hydra
  1079 | D        | Killed a seven-headed hydra
  1079 | D        | Reached ****** piety under Trog
  1087 | D        | Noticed a cane toad
  1088 | D        | Reached skill level 21 in Axes
  1091 | D        | Identified the +5 broad axe of Hoegat {flame, Will+} (Trog
                  | gifted it to you in the Dungeon)
  1091 | D        | Received a gift from Trog
  1096 | D        | Killed a torpor snail
  1103 | D        | Reached XP level 11. HP: 26/116 MP: 11/11
  1344 | D        | Noticed a catoblepas
  1344 | D        | Noticed a catoblepas
  1344 | D        | Noticed a death yak
  1349 | D        | Killed a death yak
  1349 | D        | Received a gift from Trog
  1353 | D        | Noticed a catoblepas
  1358 | D        | Noticed a catoblepas
  1365 | D        | Killed a catoblepas
  1366 | D        | Reached skill level 22 in Axes
  1395 | D        | HP: 4/117 [catoblepas/blast of calcifying dust (6)]
  1404 | D        | HP: 1/117 [catoblepas (11)]
  1405 | D        | Slain by a catoblepas

Illustrated notes

Levels and vault maps discovered:
D:        linesprint [early_d, line_temple, items_1, d_10, items_2, lair_1,
          lair_end, items_3, orc_1, orc_end, items_4, d_15, swamp_1, shoals_1,
          snake_1, spider_1, d_20, vaults_1, items_5, swamp_end, shoals_end,
          snake_end, spider_end, vaults_end, d_27, items_6, zot_1, zot_end,
          crypt_end, forest_end, elf_end, slime_end, tomb_end, abyss_end,
          pan_hell_end]

Skill      XL: |  1  2  3  4  5  6  7  8  9 10 11 |
---------------+----------------------------------+-----
Fighting       | 4 7 8 9 10 12 13 14 16 17 | 17.4
Axes           | 5 8 9 11 13 15 17 19 21 22 | 22.0
Armour         | 3 4 5 6 8 10 12 | 12.8
Dodging        | 3 4 5 6 7 8 |  8.0
Stealth        | |  0.7

Action                     |  1- 3 |  4- 6 |  7- 9 | 10-12 || total
---------------------------+-------+-------+-------+-------++-------
  Melee: Hand axe          |    20 |     6 |       |       ||    26
         War axe           |       |     7 |    53 |    48 ||   108
         Punch             |       |       |     3 |       ||     3
 Invoke: Berserk           |     1 |     1 |     2 |     3 ||     7
         Brothers in Arms  |       |       |     1 |     1 ||     2
         Trog's Hand       |       |       |       |     1 ||     1
    Use: Potion            |       |       |     2 |     2 ||     4
         Scroll            |       |       |     2 |     3 ||     5
   Stab: Petrifying        |       |       |       |     1 ||     1
 Armour: Animal skin       |     2 |     1 |       |       ||     3
         Scale mail        |       |     2 |    25 |    25 ||    52
  Dodge: Dodged            |    10 |       |    24 |    18 ||    52

Table legend: (Time is in decaauts)
 A = Elapsed time spent in this place.
 B = Non-inter-level travel time spent in this place.
 C = Inter-level travel time spent in this place.
 D = Time resting spent in this place.
 E = Time spent auto-exploring this place.
 F = Levels seen in this place.
 G = Mean time per level.
                   A        B        C        D        E       F      G
               +--------+--------+--------+--------+--------+-----+--------+
         Total |   1419 |   1419 |      0 |    552 |    474 |   1 | 1419.0 |
       Dungeon |   1419 |   1419 |      0 |    552 |    474 |   1 | 1419.0 |
               +--------+--------+--------+--------+--------+-----+--------+

Top non-repeatable levels by time:
       D: 1419 daAuts
